 Dungeon Crawl Stone Soup version 0.26.0-10-g1f06aea511 (webtiles) character file.

Game seed: 9502329270061616974

413 zergursh the Covered (level 6, -6/53 HPs)
             Began as a Gnoll Wanderer on Jan 17, 2021.
             Was an Initiate of the Shining One.
             Killed by nerve-wracking pain
             ... invoked by an orc priest
              (14 damage)
             ... on level 4 of the Dungeon.
             The game lasted 00:06:14 (3980 turns).

zergursh the Covered (Gnoll Wanderer)               Turns: 3980, Time: 00:06:14

Health: -6/53      AC: 11    Str: 16    XL:     6   Next: 90%
Magic:  9/9        EV: 11    Int: 14    God:    the Shining One [......]
Gold:   218        SH:  0    Dex: 15    Spells: 9/9 levels left

rFire    . . .     SeeInvis .   a - +0 falchion
rCold    . . .     Faith    .   (no shield)
rNeg     . . .     Spirit   .   d - +2 scale mail
rPois    .         Reflect  .   s - +0 helmet
rElec    .         Harm     .   (no cloak)
rCorr    .         Rampage  .   (no gloves)
Will     .....                  (no boots)
Stlth    +.........             t - amulet of the acrobat
HPRegen  0.17/turn              (no ring)
MPRegen  0.11/turn              (no ring)

@: glowing
A: distributed training, fangs 1, strong nose
a: Renounce Religion


You were on level 4 of the Dungeon.
You worshipped the Shining One.
The Shining One was noncommittal.
You visited 1 branch of the dungeon, and saw 4 of its levels.

You collected 218 gold pieces.

Inventory:

Hand Weapons
 a - a +0 falchion (weapon)
 b - a +0 fustibalus
Missiles
 g - 81 stones
 u - 31 poisoned darts (quivered)
 x - a throwing net
 y - 8 boomerangs
Armour
 d - a +2 scale mail (worn)
 s - a +0 helmet (worn)
Jewellery
 t - an amulet of the acrobat (around neck)
Scrolls
 j - 3 scrolls of teleportation {unknown}
 k - 2 scrolls of fear {unknown}
 l - a scroll of random uselessness
 n - a scroll of enchant weapon
 o - a scroll of fog {unknown}
 p - a scroll of amnesia
 q - 2 scrolls of magic mapping {unknown}
 v - a scroll of remove curse {unknown}
 w - 2 scrolls of identify
Potions
 c - a potion of lignification
 e - 3 potions of magic {unknown}
 f - a potion of curing
 h - 2 potions of degeneration
 i - a potion of haste {unknown}
 m - 2 potions of brilliance
 r - a potion of cancellation {unknown}


   Skills:
 + Level 6.9 Fighting
 + Level 2.1 Short Blades
 + Level 3.4 Long Blades
 + Level 2.1 Axes
 + Level 2.1 Maces & Flails
 + Level 2.1 Polearms
 + Level 2.1 Staves
 + Level 2.1 Slings
 + Level 2.1 Bows
 + Level 2.1 Crossbows
 + Level 3.4 Throwing
 + Level 6.9 Armour
 + Level 3.4 Dodging
 + Level 2.1 Stealth
 + Level 2.1 Shields
 + Level 2.1 Unarmed Combat
 + Level 2.1 Spellcasting
 + Level 1.7 Conjurations
 + Level 1.7 Hexes
 + Level 1.7 Summonings
 + Level 1.7 Necromancy
 + Level 1.7 Translocations
 + Level 1.7 Transmutations
 + Level 1.7 Fire Magic
 + Level 1.7 Ice Magic
 + Level 1.7 Air Magic
 + Level 1.7 Earth Magic
 + Level 1.7 Poison Magic
 + Level 2.4 Invocations
 + Level 3.4 Evocations


You had 9 spell levels left.
You didn't know any spells.
Your spell library was empty.

Dungeon Overview and Level Annotations

Branches:
Dungeon (4/15)
 Temple: D:4-7

Altars:
Nemelex Xobeh
Yredelemnul
The Shining One


Innate Abilities, Weirdness & Mutations

Your experience applies equally to all skills.
You have very sharp teeth.
Your uncanny sense of smell can sniff out nearby items.


Message History

The orc hits you but does no damage. The orc priest misses you.
You closely miss the orc priest.
The orc priest is almost dead.
The orc hits you but does no damage. The orc priest hits you.
You hit the orc priest but do no damage.
The orc priest is almost dead.
The orc priest hits you but does no damage.
The orc barely misses you.
You riposte.
You hit the orc but do no damage.
The orc is severely wounded.
You closely miss the orc priest.
The orc priest is almost dead.
The orc priest invokes the aid of Beogh against you.
Beogh smites you!
* * * LOW HITPOINT WARNING * * *
The orc hits you but does no damage.
You closely miss the orc priest.
The orc priest is almost dead.
The orc priest calls down the wrath of Beogh upon you.
Pain shoots through your body!
You die...

.........#...
#.................#...
#.................####
#........#######'###..
#........#.........#..
#........#.........'o.
#........+.....o...#..
#........#.....ooo.#..
#....@(..#....####+#..
#....oo(.#....## ..#
#.......('(....# ..#
#........#.....# ..#
#........#.....# ∆.+
#........#####+#
#####'#.....#
#....#.....#
#....#.....#


You could see an orc priest and an orc.

Vanquished Creatures
  A sky beast (D:3)
  An ogre (D:4)
  Ijyb (D:3)
  Terence (D:3)
  Natasha (D:1)
  A worker ant (D:4)
  Robin (D:2)
  2 adders
  4 gnolls
  3 dart slugs
  A leopard gecko (D:1)
  An orc (D:3)
  5 bats
  2 giant cockroaches
  9 goblins
  10 hobgoblins
  4 jackals
  2 quokkas
  4 frilled lizards
  10 kobolds
  3 rats
67 creatures vanquished.

Notes
Turn   | Place    | Note
-------+----------+-------------------------------------------
     0 | D:1      | zergursh the Gnoll Wanderer began the quest for the Orb.
     0 | D:1      | zergursh set off with the following items: a +0 falchion, a
                  | +2 scale mail, a potion of lignification
     0 | D:1      | Reached XP level 1. HP: 23/23 MP: 1/1
   227 | D:1      | Reached XP level 2. HP: 29/29 MP: 2/2
   530 | D:1      | Reached XP level 3. HP: 35/35 MP: 3/3
  1090 | D:2      | Noticed Natasha
  1193 | D:1      | Killed Natasha
  1194 | D:1      | Reached skill level 1 in Short Blades
  1194 | D:1      | Reached skill level 1 in Axes
  1194 | D:1      | Reached skill level 1 in Maces & Flails
  1194 | D:1      | Reached skill level 1 in Polearms
  1194 | D:1      | Reached skill level 1 in Staves
  1194 | D:1      | Reached skill level 1 in Slings
  1194 | D:1      | Reached skill level 1 in Bows
  1194 | D:1      | Reached skill level 1 in Crossbows
  1194 | D:1      | Reached skill level 1 in Stealth
  1194 | D:1      | Reached skill level 1 in Shields
  1194 | D:1      | Reached skill level 1 in Unarmed Combat
  1194 | D:1      | Reached skill level 1 in Spellcasting
  1194 | D:1      | Reached skill level 1 in Invocations
  1194 | D:1      | Reached XP level 4. HP: 25/41 MP: 5/5
  1421 | D:2      | Found a sparkling altar of Nemelex Xobeh.
  1650 | D:2      | Found a basalt altar of Yredelemnul.
  1806 | D:2      | Noticed Robin
  1836 | D:2      | Killed Robin
  1837 | D:2      | Reached skill level 1 in Conjurations
  1837 | D:2      | Reached skill level 1 in Hexes
  1837 | D:2      | Reached skill level 1 in Summonings
  1837 | D:2      | Reached skill level 1 in Necromancy
  1837 | D:2      | Reached skill level 1 in Translocations
  1837 | D:2      | Reached skill level 1 in Transmutations
  1837 | D:2      | Reached skill level 1 in Fire Magic
  1837 | D:2      | Reached skill level 1 in Ice Magic
  1837 | D:2      | Reached skill level 1 in Air Magic
  1837 | D:2      | Reached skill level 1 in Earth Magic
  1837 | D:2      | Reached skill level 1 in Poison Magic
  2068 | D:3      | Found a glowing golden altar of the Shining One.
  2072 | D:3      | Noticed Ijyb
  2262 | D:3      | Killed Ijyb
  2263 | D:3      | Reached XP level 5. HP: 40/47 MP: 6/6
  2373 | D:3      | Noticed a sky beast
  2707 | D:3      | Noticed Terence
  2735 | D:3      | Killed Terence
  3667 | D:3      | Killed a sky beast
  3668 | D:3      | Reached XP level 6. HP: 38/53 MP: 8/8
  3681 | D:3      | Became a worshipper of the Shining One
  3980 | D:4      | Killed from afar by an orc priest

Illustrated notes

Levels and vault maps discovered:
D:1:      lemuel_arrival_room, layout_basic
D:2:      layout_rooms, nicolae_overflow_crystal_walls, lemuel_doored_altar,
          serial_curves, eino_curves_04, eino_curves_04, uniq_robin,
          uniq_natasha
D:3:      layout_loops_ring, tso_metal_star, gammafunk_temple_overflow_pools,
          uniq_terence, uniq_ijyb
D:4:      layout_gridville, nicolae_ru_awakened_eye, serial_bayou_pond_e,
          minivault_25, minivault_24, nicolae_elemental_shop,
          minmay_ogre_servants

Skill      XL: |  1  2  3  4  5  6 |
---------------+-------------------+-----
Short Blades   | 1 2 |  2.1
Axes           | 1 2 |  2.1
Maces & Flails | 1 2 |  2.1
Polearms       | 1 2 |  2.1
Staves         | 1 2 |  2.1
Slings         | 1 2 |  2.1
Bows           | 1 2 |  2.1
Crossbows      | 1 2 |  2.1
Stealth        | 1 2 |  2.1
Shields        | 1 2 |  2.1
Unarmed Combat | 1 2 |  2.1
Spellcasting   | 1 2 |  2.1
Invocations    | 1 2 |  2.4
Conjurations   | 1 |  1.7
Hexes          | 1 |  1.7
Summonings     | 1 |  1.7
Necromancy     | 1 |  1.7
Translocations | 1 |  1.7
Transmutations | 1 |  1.7
Fire Magic     | 1 |  1.7
Ice Magic      | 1 |  1.7
Air Magic      | 1 |  1.7
Earth Magic    | 1 |  1.7
Poison Magic   | 1 |  1.7
Long Blades    | 3 |  3.4
Throwing       | 3 |  3.4
Dodging        | 3 |  3.4
Evocations     | 3 |  3.4
Fighting       | |  6.9
Armour         | |  6.9

Action                   |  1- 3 |  4- 6 || total
-------------------------+-------+-------++-------
Melee: Falchion          |    84 |   217 ||   301
       Bite              |    12 |    34 ||    46
       Unarmed           |       |     4 ||     4
       Punch             |       |     2 ||     2
 Fire: Hunting sling     |     3 |     5 ||     8
       Fustibalus        |       |    30 ||    30
Throw: Dart              |       |     4 ||     4
  Use: Scroll            |       |     4 ||     4
       Potion            |       |     2 ||     2
Armor: Scale mail        |    73 |   127 ||   200
Dodge: Dodged            |    61 |   134 ||   195
       Rpst.: Falchion   |    24 |    50 ||    74
